 Dungeon Crawl Stone Soup version 0.18.1-50-g88ac8fd (webtiles) character file.

1736 Monkfish the Covert (level 9, -7/55 HPs)
             Began as a Kobold Berserker on Oct 24, 2016.
             Was an Elder of Trog.
             Mangled by a wyvern skeleton (13 damage)
             ... on level 7 of the Dungeon.
             The game lasted 00:10:09 (4870 turns).

Monkfish the Covert (Kobold Berserker)              Turns: 4870, Time: 00:10:10

Health: -7/55      AC:  5    Str: 16    XL:     9   Next: 26%
Magic:  9/9        EV: 15    Int:  5    God:    Trog [****..]
Gold:   281        SH:  6    Dex: 22    Spells: 0 memorised, 8 levels left

rFire  . . .     SeeInvis .     i - +4 short sword
rCold  . . .     Gourm    .     e - +0 leather armour
rNeg   . . .     Faith    .     d - +0 buckler
rPois  .         Spirit   .     (no helmet)
rElec  .         Dismiss  .     h - +1 cloak
rCorr  .         Reflect  .     (no gloves)
SustAt +         Harm     .     (no boots)
MR     ++...     Clarity  +     (no amulet)
Stlth  +++++.....               t - +4 ring of dexterity
                                l - ring of sustain attributes

@: exhausted, regenerating, slowed, very slow, very resistant to hostile
enchantments, quite stealthy
A: carnivore 3, clarity
a: Berserk, Trog's Hand, Brothers in Arms, Burn Spellbooks, Renounce Religion


You were on level 7 of the Dungeon.
You worshipped Trog.
Trog was greatly pleased with you.
You were not hungry.

You visited 1 branch of the dungeon, and saw 7 of its levels.

You collected 281 gold pieces.

Inventory:

Hand Weapons
 i - a +4 short sword (weapon)
Armour
 d - a +0 buckler (worn)
 e - a +0 leather armour (worn)
 h - a +1 cloak (worn)
Jewellery
 l - a ring of sustain attributes (left hand)
 t - a +4 ring of dexterity (right hand)
 v - an uncursed ring of see invisible
Wands
 o - a wand of lightning (3/15)
 y - a wand of slowing (26/48)
Scrolls
 b - a scroll of fog
 g - 5 scrolls of teleportation
 m - 5 scrolls of remove curse
 n - 3 scrolls of magic mapping
 s - 4 scrolls of identify
 w - a scroll of fear
Potions
 f - 3 potions of berserk rage
 j - 2 potions of agility
 k - 2 potions of haste
 p - a potion of might
 q - 2 potions of flight
 r - a potion of curing
 u - a potion of invisibility {unknown}
 x - a potion of magic {unknown}
Comestibles
 a - a slice of pizza
 c - 6 meat rations


   Skills:
 + Level 6.2 Fighting
 + Level 8.6 Short Blades
 - Level 1.5 Armour
 - Level 2.4 Dodging
 * Level 10.6 Stealth
 + Level 2.3 Shields
 + Level 0.5 Evocations


You had 8 spell levels left.
You didn't know any spells.

Dungeon Overview and Level Annotations

Branches:
Dungeon (7/15)             Temple (0/1) D:4

Altars:
Elyvilon
Gozag
Nemelex Xobeh
Pakellas
Qazlal
Trog
Vehumet
Xom
Zin
The Shining One

Shops:
D:4 %


Innate Abilities, Weirdness & Mutations

You are small and have problems with some larger weapons.
You are carnivorous and can eat meat at any time.
You possess an exceptional clarity of mind.


Message History

You hit the orc priest but do no damage.
The orc priest is severely wounded.
The wyvern skeleton bites you!
* * * LOW HITPOINT WARNING * * *
You block the hound skeleton's attack. The orc priest hits you with a trident.
* * * LOW HITPOINT WARNING * * *
Unknown command.
Read which item? (? for menu, Esc to quit)
Okay, then.
Read which item? (? for menu, Esc to quit)
As you read the scroll of fear, it crumbles to dust.
You assume a fearsome visage.
The butterfly looks frightened!
The hound skeleton is unaffected.
The orc priest looks frightened!
The wyvern skeleton is unaffected.
You feel the effects of Trog's Hand fading.
The hound skeleton bites you.
* * * LOW HITPOINT WARNING * * *
The wyvern skeleton closely misses you. The hound skeleton barely misses you.
The wyvern skeleton bites you!
You die...

###...........# #...#..#
.....#......#.# #...b.#####
........###.#.###...........
.........##.#...............
...#####.##....##...........
...# .#####..............
##.### .# #.............[
.....## .#####.Z#...........
......# .##....Z@.##....####
..###'###......(o....####
.##.P...###...........#
.#..P⌠...P.........#..#
)#......P#......_..# .#
..#_._._##.........# .#
####.####..........# . ###
#.........# ..


You could see an orc priest (fleeing), a hound skeleton and a wyvern skeleton.

Vanquished Creatures
  Sigmund (D:3)
  Edmund (D:4)
  An orc warrior (D:7)
  An ice beast (D:6)
  A sky beast (D:6)
  An ogre (D:5)
  A centaur (D:7)
  Blork the orc (D:4)
  3 giant frogs
  A wyvern zombie (D:3)
  A scorpion (D:5)
  A crimson imp (D:5)
  A hound (D:5)
  2 giant frog skeletons
  2 orc priests
  A centaur skeleton (D:4)
  4 orc wizards
  Ijyb (D:2)
  Terence (D:2)
  2 iguanas
  A worker ant (D:4)
  A howler monkey skeleton (D:4)
  A gnoll (D:7)
  4 adders
  An adder skeleton (D:4)
  5 worms
  4 dart slugs
  3 giant geckos
  25 orcs
  7 giant cockroaches
  12 goblins
  10 hobgoblins
  6 jackals (D:6)
  3 quokkas
  6 bats
  2 giant newts
  A jackal zombie (D:7)
  6 kobolds
  7 rats
133 creatures vanquished.

Notes
Turn   | Place    | Note
--------------------------------------------------------------
     0 | D:1      | Monkfish the Kobold Berserker began the quest for the Orb.
     0 | D:1      | Reached XP level 1. HP: 14/14 MP: 1/1
   324 | D:1      | Reached XP level 2. HP: 19/19 MP: 2/2
   491 | D:1      | Reached skill level 1 in Stealth
   491 | D:1      | Reached XP level 3. HP: 24/24 MP: 3/3
   862 | D:2      | Found a bloodstained altar of Trog.
  1167 | D:2      | Found an oddly glowing altar of Pakellas.
  1241 | D:2      | Found a faded altar to an unknown god.
  1269 | D:2      | Noticed Ijyb
  1277 | D:2      | Killed Ijyb
  1277 | D:2      | Reached skill level 5 in Short Blades
  1277 | D:2      | Reached skill level 2 in Stealth
  1277 | D:2      | Reached XP level 4. HP: 28/29 MP: 4/4
  1304 | D:2      | Reached ** piety under Trog
  1368 | D:2      | Noticed Terence
  1376 | D:2      | Killed Terence
  1491 | D:2      | Reached XP level 5. HP: 34/34 MP: 5/5
  1820 | D:3      | Reached skill level 3 in Stealth
  2021 | D:3      | Reached skill level 1 in Shields
  2021 | D:3      | Reached XP level 6. HP: 28/39 MP: 6/6
  2023 | D:3      | Reached skill level 4 in Stealth
  2375 | D:3      | Noticed Sigmund
  2380 | D:3      | Killed Sigmund
  2380 | D:3      | Reached skill level 5 in Fighting
  2380 | D:3      | Reached skill level 5 in Stealth
  2380 | D:3      | Reached XP level 7. HP: 44/44 MP: 7/7
  2472 | D:4      | Noticed Blork the orc
  2473 | D:4      | Reached *** piety under Trog
  2481 | D:4      | Killed Blork the orc
  2481 | D:4      | Reached skill level 6 in Stealth
  2482 | D:4      | Found Joerenam's Food Boutique.
  2642 | D:4      | Gained mutation: You possess an exceptional clarity of mind. [potion of beneficial mutation]
  2727 | D:4      | Found a staircase to the Ecumenical Temple.
  2727 | D:4      | Noticed Edmund
  2750 | D:4      | Killed Edmund
  2895 | D:4      | Reached skill level 7 in Stealth
  2895 | D:4      | Reached XP level 8. HP: 48/50 MP: 8/8
  3193 | D:5      | Entered Level 5 of the Dungeon
  3460 | D:5      | Reached skill level 8 in Stealth
  3639 | D:5      | Found a stormy altar of Qazlal.
  4091 | D:6      | Reached skill level 9 in Stealth
  4202 | D:6      | Reached **** piety under Trog
  4232 | D:6      | Found an opulent altar of Gozag.
  4232 | D:6      | Found a glowing silver altar of Zin.
  4349 | D:6      | Found a radiant altar of Vehumet.
  4599 | D:6      | Reached XP level 9. HP: 55/55 MP: 9/9
  4779 | D:7      | Found a sparkling altar of Nemelex Xobeh.
  4779 | D:7      | Found a white marble altar of Elyvilon.
  4780 | D:7      | Found a glowing golden altar of the Shining One.
  4827 | D:7      | Reached skill level 10 in Stealth
  4840 | D:7      | Found a shimmering altar of Xom.
  4870 | D:7      | Mangled by a wyvern skeleton

Skill      XL: |  1  2  3  4  5  6  7  8  9 |
---------------+----------------------------+-----
Stealth        | 1 2 3 5 7 9 10 | 10.6
Fighting       | 4 5 6 |  6.2
Short Blades   | 5 6 7 8 |  8.6
Shields        | 1 2 |  2.3
Armour         | |  1.5
Dodging        | |  2.4
Evocations     | |  0.5

Action                   |  1- 3 |  4- 6 |  7- 9 || total
-------------------------+-------+-------+-------++-------
Melee: Short sword       |   102 |   103 |   227 ||   432
Invok: Berserk           |       |     4 |     5 ||     9
       Trog's Hand       |       |     1 |     3 ||     4
Evoke: Wand              |       |       |     6 ||     6
  Use: Scroll            |     5 |     8 |    10 ||    23
       Potion            |     5 |       |     2 ||     7
 Stab: Sleeping          |     2 |     3 |    17 ||    22
  Eat: Chunk             |     5 |     9 |    13 ||    27
Armor: Animal skin       |    26 |    12 |       ||    38
       Leather armour    |       |       |    31 ||    31
Dodge: Dodged            |    74 |    59 |   110 ||   243
Block: Buckler           |    12 |    18 |    42 ||    72
